 Dungeon Crawl Stone Soup version 0.29.1-15-g9cfb28693d (webtiles) character file.

Game seed: 6766462787481002830

433979 manyhoops the Wrestler (level 23, -1/162 HPs)
             Began as an Octopode Transmuter on Apr 6, 2023.
             Was an Initiate of Gozag.
             Shot with an arrow by a deep elf master archer (18 damage)
             ... on level 3 of the Elven Halls on Apr 8, 2023.
             The game lasted 02:14:21 (68972 turns).

manyhoops the Wrestler (Octopode Transmuter)       Turns: 68972, Time: 02:14:21

Health: -1/162     AC: 16    Str: 22    XL:     23   Next: 62%
Magic:  26/26      EV: 18    Int: 47    God:    Gozag
Gold:   88         SH:  0    Dex: 12    Spells: 10/44 levels left

rFire   + + .      SeeInvis .   E - +5 dagger "Quullil" {vorpal, rElec Int+4}
rCold   + . .      Faith    .   (no shield)
rNeg    + + .      Spirit   .   r - +3 hat "Foakegac" {rElec rF+ Regen+}
rPois   +          Reflect  .   y - amulet "Cum Vei" {RegenMP Contam rPois rC- Int+10}
rElec   +          Harm     .   K - ring of Pride {Str+5 Int+6 Dex-5 Slay+4}
rCorr   +          Rampage  .   G - ring of Vity {rCorr AC+4 Str-3 Int+6}
Will    +++++                   z - ring of Nakhluph {rPois AC+4 Stlth+} Stlth *+++++++++
                                Z - ring "Echud" {rPois rF+ AC+4 Stlth+}
HPRegen 1.17/turn               X - ring of the Komtur {rN+ Will++ Slay+4}
MPRegen 0.60/turn               I - ring of protection from cold
                                S - ring "Anlim" {rElec Will+ EV+4}
                                P - ring of Wabbagg {rC+ rN+ Will+ Str+2 Int+6}

@: gold aura, bribing [the Elven Halls]
A: almost no armour, amphibious, 8 rings, camouflage 1, gelatinous body 1,
(nimble swimmer 1), tentacles, agile 1, low MP 3
}: 3/15 runes: decaying, serpentine, silver
a: Renounce Religion, Potion Petition, Call Merchant, Bribe Branch


You were on level 3 of the Elven Halls.
You worshipped Gozag.
Gozag was noncommittal.
You visited 7 branches of the dungeon, and saw 38 of its levels.
You visited 1 bazaar.
You also visited: Trove, Ice Cave and Desolation.

You collected 22742 gold pieces.
You spent 11589 gold pieces at shops.
You paid 11065 gold pieces to Gozag.

Inventory:

Hand Weapons
 E - the +5 dagger "Quullil" (weapon) {vorpal, rElec Int+4}
   (You found it in the Desolation of Salt)

   It inflicts extra damage upon your enemies.
   Int:       It affects your intelligence (+4).
   rElec:     It insulates you from electricity.
Missiles
 C - 3 throwing nets
Armour
 r - the +3 hat "Foakegac" (worn) {rElec rF+ Regen+}
   (You found it in a treasure trove)

   rF:        It protects you from fire.
   rElec:     It insulates you from electricity.
   Regen:     It increases your rate of health regeneration.
Jewellery
 a - a ring of protection from fire
 o - the ring "Puejetu" {*Slow rN+++ Str+6 Int-4 SInv}
   (You found it in a treasure trove)

   [ring of strength]

   Str:       It affects your strength (+6).
   Int:       It affects your intelligence (-4).
   rN:        It renders you almost immune to negative energy.
   SInv:      It lets you see invisible.
   *Slow:     It may slow you when you take damage.
 w - a ring of protection from fire
 y - the amulet "Cum Vei" (around mantle) {RegenMP Contam rPois rC- Int+10}
   (You bought it in a shop on level 2 of the Orcish Mines)

   [amulet of magic regeneration]

   It increases your rate of magic regeneration.
   Int:       It affects your intelligence (+10).
   rC:        It makes you vulnerable to cold.
   rPois:     It protects you from poison.
   Contam:    It causes magical contamination when unequipped.
 z - the ring of Nakhluph (on tentacle) {rPois AC+4 Stlth+}
   (You found it in the Desolation of Salt)

   [ring of protection]

   AC:        It affects your AC (+4).
   rPois:     It protects you from poison.
   Stlth:     It makes you more stealthy.
 G - the ring of Vity (right tentacle) {rCorr AC+4 Str-3 Int+6}
   (You bought it in a shop on level 1 of the Elven Halls)

   [ring of protection]

   AC:        It affects your AC (+4).
   Str:       It affects your strength (-3).
   Int:       It affects your intelligence (+6).
   rCorr:     It protects you from acid and corrosion.
 H - an amulet of reflection
 I - a ring of protection from cold (on tentacle)
 K - the ring of Pride (left tentacle) {Str+5 Int+6 Dex-5 Slay+4}
   (You bought it in a shop on level 5 of the Vaults)

   [ring of slaying]

   Str:       It affects your strength (+5).
   Int:       It affects your intelligence (+6).
   Dex:       It affects your dexterity (-5).
   Slay:      It affects your accuracy & damage with ranged weapons and melee
   (+4).
 P - the ring of Wabbagg (on tentacle) {rC+ rN+ Will+ Str+2 Int+6}
   (You acquired it in a treasure trove)

   [ring of intelligence]

   Str:       It affects your strength (+2).
   Int:       It affects your intelligence (+6).
   rC:        It protects you from cold.
   rN:        It protects you from negative energy.
   Will:      It increases your willpower.
 R - the ring of Ohaogh {Fire rElec Str-2 Slay+5 SInv}
   (You found it in the Desolation of Salt)

   [ring of fire]

   It enhances your fire magic.
   Str:       It affects your strength (-2).
   Slay:      It affects your accuracy & damage with ranged weapons and melee
   (+5).
   rF:        It protects you from fire.
   rC:        It makes you vulnerable to cold.
   rElec:     It insulates you from electricity.
   SInv:      It lets you see invisible.
 S - the ring "Anlim" (on tentacle) {rElec Will+ EV+4}
   (You found it in an ice cave)

   [ring of evasion]

   EV:        It affects your evasion (+4).
   rElec:     It insulates you from electricity.
   Will:      It increases your willpower.
 X - the ring of the Komtur (on tentacle) {rN+ Will++ Slay+4}
   (You bought it in a shop on level 5 of the Lair of Beasts)

   [ring of slaying]

   Slay:      It affects your accuracy & damage with ranged weapons and melee
   (+4).
   rN:        It protects you from negative energy.
   Will:      It greatly increases your willpower.
 Z - the ring "Echud" (on tentacle) {rPois rF+ AC+4 Stlth+}
   (You took it off an ironbound convoker in the Desolation of Salt)

   [ring of protection]

   AC:        It affects your AC (+4).
   rF:        It protects you from fire.
   rPois:     It protects you from poison.
   Stlth:     It makes you more stealthy.
Wands
 k - a wand of paralysis (46)
 A - a wand of flame (87)
 B - a wand of digging (2)
 L - a wand of iceblast (25)
 N - a wand of mindburst (43)
 O - a wand of acid (13)
Scrolls
 c - 10 scrolls of poison
 e - 2 scrolls of amnesia
 f - 7 scrolls of immolation
 g - 8 scrolls of noise
 p - 10 scrolls of butterflies
 q - 6 scrolls of magic mapping
 t - 16 scrolls of teleportation
 x - 4 scrolls of summoning
 D - 9 scrolls of vulnerability
 F - 30 scrolls of identify
 Q - 7 scrolls of blinking
 V - 7 scrolls of fear
 W - 2 scrolls of silence
Potions
 b - 4 potions of magic
 h - 8 potions of curing
 i - 5 potions of berserk rage
 j - 7 potions of heal wounds
 l - 2 potions of ambrosia
 m - 9 potions of mutation
 n - 11 potions of brilliance
 s - 9 potions of resistance
 u - 8 potions of might
 v - 8 potions of haste
 M - 8 potions of invisibility
 Y - 2 potions of cancellation
Miscellaneous
 J - a phantom mirror
 T - a condenser vane
 U - a lightning rod (4/4)


   Skills:
 * Level 15.0 Fighting
 - Level 5.3 Dodging
 - Level 22.9 Stealth
 + Level 23.9 Unarmed Combat
 - Level 11.2 Spellcasting
 - Level 14.9 Transmutations
 - Level 10.0 Ice Magic
 - Level 15.2 Air Magic
 - Level 8.2 Evocations


You had 10 spell levels left.
You knew the following spells:

 Your Spells              Type           Power      Damage    Failure   Level
a - Silence               Hex/Air        39%        N/A       1%          5
b - Wereblood             Tmut           100%       N/A       0%          2
c - Storm Form            Tmut/Air       53%        N/A       1%          7
d - Frozen Ramparts       Ice            100%       1d16      1%          3
e - Swiftness             Air            100%       N/A       0%          3
g - Freezing Cloud        Conj/Ice/Air   40%        6-21      1%          5
h - Ice Form              Ice/Tmut       97%        N/A       1%          4
i - Lightning Bolt        Conj/Air       39%        1d57      1%          5

Your spell library contained the following spells:

 Spells                   Type           Power      Damage    Failure   Level
 Beastly Appendage        Tmut           100%       N/A       0%          1
 Freeze                   Ice            100%       1d11      0%          1
 Apportation              Tloc           52%        N/A       1%          1
 Foxfire                  Conj/Fire      100%       2x1d9     1%          1
 Magic Dart               Conj           100%       1d8       1%          1
 Necrotise                Necr           100%       1d9       1%          1
 Sandblast                Erth           52%        2d12      1%          1
 Shock                    Conj/Air       100%       1d9       1%          1
 Sting                    Tmut/Pois      100%       1d8       1%          1
 Summon Small Mammal      Summ           100%       N/A       1%          1
 Call Imp                 Summ           26%        N/A       1%          2
 Ensorcelled Hibernation  Hex/Ice        100%       N/A       1%          2
 Passwall                 Tmut/Erth      64%        N/A       1%          2
 Searing Ray              Conj           52%        2d6       1%          2
 Sublimation of Blood     Necr           26%        N/A       1%          2
 Ignite Poison            Fire/Tmut/Pois 65%        N/A       1%          3
 Mephitic Cloud           Conj/Pois/Air  65%        N/A       1%          3
 Spider Form              Tmut/Pois      77%        N/A       1%          3
 Airstrike                Air            53%        2d(8-24)  1%          4
 Hailstorm                Conj/Ice       65%        3d14      1%          4
 Petrify                  Tmut/Erth      77%        N/A       1%          4
 Summon Ice Beast         Ice/Summ       65%        N/A       1%          4
 Summon Lightning Spire   Summ/Air       78%        N/A       1%          4
 Irradiate                Conj/Tmut      38%        3d24      1%          5
 Call Canine Familiar     Summ           26%        N/A       3%          3
 Conjure Flame            Conj/Fire      26%        6-21      3%          3
 Dazzling Flash           Conj/Hex       52%        N/A       3%          3
 Gell's Gravitas          Tloc           26%        N/A       3%          3
 Inner Flame              Hex/Fire       26%        N/A       3%          3
 Lesser Beckoning         Tloc           26%        N/A       3%          3
 Stone Arrow              Conj/Erth      52%        3d10      3%          3
 Summon Guardian Golem    Hex/Summ       26%        N/A       3%          3
 Teleport Other           Tloc           26%        N/A       3%          3
 Statue Form              Tmut/Erth      51%        N/A       7%          6
 Anguish                  Hex/Necr       13%        N/A       10%         4
 Cause Fear               Hex            13%        N/A       10%         4
 Flame Wave               Conj/Fire      26%        2d8       10%         4
 Fulminant Prism          Conj/Hex       13%        3d9       10%         4
 Maxwell's Capacitive Co  Air            53%        ∞         12%         8
 Ozocubu's Refrigeration  Ice            44%        4d17      13%         7
 Agony                    Necr           26%        N/A       26%         5
 Borgnjor's Vile Clutch   Necr/Erth      13%        N/A       26%         5
 Iron Shot                Conj/Erth      13%        9d3       83%         6
 Malign Gateway           Summ/Tloc      13%        N/A       100%        7
 Summon Hydra             Summ           13%        N/A       100%        7
 Discord                  Hex            13%        N/A       100%        8
 Summon Horrible Things   Summ           13%        N/A       100%        8
 Polar Vortex             Ice            44%        N/A       100%        9
 Animate Dead             Necr           Unusable   N/A       N/A         4
 Simulacrum               Ice/Necr       Unusable   N/A       N/A         6

Dungeon Overview and Level Annotations

Branches:
Dungeon (15/15)            Temple (0/1) D:7            Lair (5/5) D:10
  Swamp (4/4) Lair:3        Snake (4/4) Lair:2        Slime (0/5) Lair:5
    Orc (2/2) D:12            Elf (3/3) Orc:2        Vaults (5/5) D:14
  Crypt (0/3) Vaults:3     Depths (0/4) D:15          IceCv (visited)
Desolation (visited)

Altars:
Ashenzari
Fedhas
Gozag
Hepliaklqana
Makhleb
Okawaru
Uskayaw
Wu Jian
Yredelemnul
Zin
The Shining One

Shops:
D:4 *?   D:6 =(*(*   D:11 (   Orc:2 =?[:   Elf:1 =   Lair:5 ?*   Swamp:3 *
Snake:2 ([   Snake:3 *?   Vaults:1 (   Vaults:2 (   Vaults:5 ==!?!??!?


Innate Abilities, Weirdness & Mutations

You cannot wear most types of armour.
You are amphibious.
You can wear up to eight rings at the same time.
Your skin changes colour to match your surroundings (Stealth+).
Your rubbery body absorbs attacks. (AC +1, EV +1)
((You are camouflaged when in or above water. (Stealth+)))
You have tentacles for arms and can constrict up to eight enemies at once.
You are agile. (Dex +4, Str/Int -1)
Your magical capacity is extremely low. (-30% MP)


Message History

The deep elf master archer shoots an arrow.
The arrow hits you!!
* * * LOW HITPOINT WARNING * * *
Okay, then.
Do you want to bribe the denizens of the Elven Halls?
You no longer have enough gold to petition Gozag for potion effects.
You no longer have enough gold to fund merchants seeking to open stores in the dungeon.
You no longer have enough gold to bribe branches to halt enemies' attacks and recruit allies.
Gozag spreads your bribe to the Elven Halls!
The deep elf sorcerer is distracted by your dazzling golden aura.
The deep elf high priest mumbles some strange prayers to its god.
The deep elf high priest begins emitting a brilliant aura!
The deep elf sorcerer is empowered by the deep elf high priest's aura!
The deep elf death mage is empowered by the deep elf high priest's aura!
The deep elf sorcerer is empowered by the deep elf high priest's aura!
The deep elf master archer shoots an arrow.
The arrow hits you!
* * * LOW HITPOINT WARNING * * *
The deep elf sorcerer shouts!
Unknown command.
You feel much better.
The deep elf high priest utters a dark prayer and points at you.
Your life force is offered up.
* * * LOW HITPOINT WARNING * * *
The deep elf high priest is healed.
The deep elf master archer is healed.
The deep elf master archer shoots an arrow.
The arrow misses you.
Blink to where?
Press: ? - help, Dir - move target
As you read the scroll of blinking, it crumbles to dust.
Your transformation has ended.
The +5 dagger "Quullil" {vorpal, rElec Int+4} unmelds from your body.
The +3 hat "Foakegac" {rElec rF+ Regen+} unmelds from your body.
The deep elf master archer shoots an arrow.
The arrow hits you!
* * * LOW HITPOINT WARNING * * *
The deep elf master archer shoots an arrow.
The arrow hits you!!
You die...
Your body crumbles into a pile of gold.

....⌠.......$.'.#
.....$..$$.$e#
!..$.$.$$.e##
######.######$##
..###...≈≈ee≈..!#$#
.......≈≈.≈≈.....#
#.e$≈(.≈≈...###$$$
#..e§≈.≈$e$.# $$$
######@###### $$$
#.# $ $ $$$ #.# $ $
$ $ $ $ #.# $ $ $ $
$ #.# $ $ $ $ $ $
#.# $ $ ##)##
##.".##
#############..#..#


You could see a deep elf master archer, a deep elf death mage (empowered), 2
deep elf sorcerers, a deep elf high priest (brilliance aura) and a +0 dire flail
of holy wrath.

Vanquished Creatures
  2 ancient liches (Vaults:5)
  Vashnia (Snake:3)
  2 golden dragons (Vaults:5)
  Jorgrun (Snake:3)
  Rupert (Snake:1)
  2 liches
  Asterion (Snake:3)
  3 tentacled monstrosities
  5 titans
  2 deep elf blademasters (Elf:3)
  2 quicksilver dragons (Vaults:5)
  3 sphinxes
  Frances (Snake:1)
  A thorn hunter (Swamp:1)
  Agnes (Snake:3)
  A tengu reaver (Vaults:5)
  Kirke (Swamp:3)
  Donald (Elf:1)
  Roxanne (Elf:1)
  A storm dragon (Vaults:3)
  3 shadow dragons (Vaults:5)
  2 fenstrider witches
  2 fire giants
  6 nagarajas
  4 deep elf sorcerers
  A frost giant (Vaults:3)
  4 imperial myrmidons (Desolation)
  A ghost moth (shapeshifter) (Vaults:5)
  Louise (D:15)
  19 vault wardens
  2 orc warlords
  21 ironbound preservers
  Aizul (Snake:3)
  A deep elf elementalist (Elf:3)
  A reaper (IceCv)
  3 eleionomae
  13 very ugly things
  2 stone giants
  5 deep elf demonologists (Elf:3)
  4 ironbound thunderhulks
  5 war gargoyles
  11 dire elephants
  6 deep elf annihilators
  A halazid warlock (Desolation)
  2 bunyips
  Azrael (Snake:3)
  6 ettins
  4 deep elf death magi (Elf:3)
  A fire dragon (shapeshifter) (Vaults:5)
  An eidolon (Vaults:3)
  2 deep elf high priests
  A jiangshi (Vaults:3)
  A shambling mangrove (Swamp:4)
  A fire dragon (Lair:5)
  2 crystal guardians
  12 yaktaur captains
  9 ragged hierophants
  3 great orbs of eyes
  8 servants of whispers (Desolation)
  A hydra (shapeshifter) (Vaults:5)
  39 vault guards
  An ogre mage (Vaults:5)
  2 rakshasas (D:15)
  17 centaur warriors
  2 catoblepae
  23 hydras
  10 anacondas
  2 boulder beetles
  3 salamander tyrants (Snake:4)
  12 peacekeepers
  A death knight (D:15)
  4 ghost crabs
  4 two-headed ogres
  7 ironbound frosthearts
  38 dancing weapons
  8 alligators
  13 naga warriors
  7 death yaks
  5 orc high priests (Orc:2)
  11 naga sharpshooters
  9 shock serpents
  2 tengu warriors
  Urug (D:13)
  11 deep elf knights
  A shock serpent (shapeshifter) (Vaults:5)
  2 spriggans
  3 skeletal warriors (D:15)
  Amaemon (Lair:1)
  7 salamander mystics
  6 goliath frogs
  The ghost of gargbit the Trooper, a novice DsHu of Gozag (D:8)
  A shadow wraith (D:12)
  Lodul (D:13)
  A spriggan druid (Swamp:4)
  34 deep trolls
  A glowing orange brain (Vaults:2)
  12 swamp dragons
  4 bog bodies
  13 deep elf archers
  5 lindwurms
  5 wizards
  6 naga ritualists
  A lindwurm (shapeshifter) (Vaults:5)
  19 deep elf zephyrmancers
  13 orc knights
  4 phantasmal warriors
  21 ironbound convokers
  29 deep elf pyromancers
  3 necromancers
  23 ugly things
  An oklob plant (Lair:4)
  A fire giant zombie (Vaults:5)
  2 orc sorcerers
  A shadow dragon skeleton (Vaults:5)
  4 cyclopes
  3 will-o-the-wisps
  2 human zombies
  15 salamanders
  14 mana vipers
  A black mamba (shapeshifter) (D:12)
  20 naga magi
  13 guardian serpents
  44 black mambas
  An elephant (shapeshifter) (D:15)
  13 vault sentinels
  8 elephants
  An orange demon (Lair:1)
  3 gargoyles
  A torpor snail (Lair:5)
  A stone giant skeleton (Vaults:1)
  An ice statue (IceCv)
  8 cane toads
  3 kobold demonologists
  2 rime drakes
  2 yaktaur zombies
  6 freezing wraiths
  44 yaktaurs
  12 komodo dragons
  An unseen horror (D:12)
  An efreet (D:14)
  6 trolls
  A burning bush (Lair:5)
  A queen bee (D:12)
  A troll (shapeshifter) (Elf:2)
  9 polar bears (Lair:5)
  2 bloated husks
  6 hornets
  7 tyrant leeches
  Grinder (D:6)
  3 meliai (D:14)
  2 raiju (Lair:5)
  25 blink frogs
  75 saltlings
  5 centaur simulacra
  A frost giant simulacrum (Vaults:1)
  30 slime creatures
  3 wraiths
  2 water elementals
  A deep troll skeleton (Vaults:1)
  2 air elementals
  3 shadows
  5 fire elementals
  22 yaks
  5 hogs (Swamp:3)
  A human (shapeshifter) (D:15)
  13 vampire mosquitoes
  4 death yak simulacra (IceCv)
  14 basilisks
  3 steam dragons (Lair:5)
  8 wargs
  46 nagas
  A harpy simulacrum (IceCv)
  11 swamp worms
  5 acid dragons
  8 water moccasins
  A hydra simulacrum (IceCv)
  18 hell hounds
  A nameless horror (Lair:4)
  35 orc warriors
  4 ice beasts
  A sky beast (D:6)
  6 swamp drakes
  27 wolves
  13 black bears
  13 ogres
  An elf simulacrum (Vaults:5)
  17 centaurs
  3 boggarts (Vaults:1)
  3 kobold brigands (D:9)
  7 bullfrogs
  3 earth elementals
  2 necrophages
  A scorpion (D:6)
  A cane toad simulacrum (IceCv)
  A hornet simulacrum (D:8)
  4 two-headed ogre simulacra (IceCv)
  8 wights
  18 killer bees
  4 elephant simulacra (IceCv)
  4 electric eels
  A howler monkey (D:5)
  4 jellies
  A wyvern simulacrum (D:8)
  A gnoll bouda (D:8)
  32 orc priests
  4 hounds
  5 iguanas
  12 orc wizards
  14 hell rats
  6 polar bear simulacra
  3 spriggan simulacra (IceCv)
  2 yak simulacra (Lair:3)
  4 wolf simulacra
  6 troll simulacra (IceCv)
  A mummy (D:5)
  5 gnolls (D:8)
  13 adders
  7 naga simulacra (IceCv)
  A shadow imp (D:6)
  7 white imps
  9 ufetubi
  3 worms
  92 orcs
  8 ball pythons
  11 endoplasms
  A giant cockroach (D:2)
  8 goblins
  5 hobgoblins
  10 jackals
  5 quokkas
  5 bats
  2 frilled lizards
  2 hobgoblin zombies (D:5)
  12 kobolds
  2 orc zombies (D:5)
  8 rats
  2 river rat simulacra (Lair:3)
  2 butterflies
1729 creatures vanquished.

Vanquished Creatures (collateral kills)
  A cyclops (D:15)
1 creature vanquished.

Vanquished Creatures (others)
  A naga sharpshooter (Snake:3)
  A shock serpent (Snake:3)
  A deep elf pyromancer (Elf:1)
  A black mamba (Snake:3)
  2 bloated husks (Swamp:3)
  A saltling (Desolation)
  A swamp worm (Swamp:2)
  An iguana (Lair:5)
  2 bushes (Lair:5)
  14 foxfires
  40 fungi
  101 plants
166 creatures vanquished.

Grand Total: 1896 creatures vanquished

Notes
Turn   | Place    | Note
-------+----------+-------------------------------------------
     0 | D:1      | manyhoops the Octopode Transmuter began the quest for the
                  | Orb.
     0 | D:1      | Reached XP level 1. HP: 13/13 MP: 3/3
    62 | D:1      | Reached skill level 1 in Stealth
   145 | D:1      | Reached XP level 2. HP: 18/18 MP: 3/5
  1157 | D:2      | Learned a level 2 spell: Wereblood
  1180 | D:2      | Reached XP level 3. HP: 21/23 MP: 3/6
  1236 | D:2      | Found a faded altar of an unknown god.
  1581 | D:2      | Reached skill level 5 in Stealth
  1685 | D:2      | Reached XP level 4. HP: 28/28 MP: 4/7
  2604 | D:3      | Reached XP level 5. HP: 31/34 MP: 5/8
  3382 | D:4      | Noticed an ogre
  3404 | D:4      | Killed an ogre
  3405 | D:4      | Reached skill level 4 in Unarmed Combat
  3454 | D:4      | Reached XP level 6. HP: 35/41 MP: 7/9
  3590 | D:4      | Found an opulent altar of Gozag.
  3603 | D:4      | Became a worshipper of Gozag Ym Sagoz the Greedy
  4067 | D:4      | Found Ebric's Neck Hole.
  4779 | D:4      | Reached skill level 5 in Unarmed Combat
  5048 | D:4      | Found Ten Cibett's Magic Scroll Boutique.
  5056 | D:4      | Bought a scroll of identify for 28 gold pieces
  5056 | D:4      | Bought a scroll of blinking for 105 gold pieces
  5056 | D:4      | Bought a scroll of identify for 28 gold pieces
  5137 | D:5      | Entered Level 5 of the Dungeon
  5314 | D:5      | Noticed a black bear
  5323 | D:5      | Killed a black bear
  5324 | D:5      | Reached XP level 7. HP: 46/46 MP: 8/10
  5337 | D:5      | Learned a level 4 spell: Ice Form
  5422 | D:5      | Reached skill level 1 in Ice Magic
  5738 | D:5      | Identified the +7 mace "Vaw Wabu" {flame, Contam rCorr
                  | SInv}
  5921 | D:6      | Found Awuilod's Assorted Antiques.
  5921 | D:6      | Found Kokisewk's General Store.
  5921 | D:6      | Found Uheashre's Weapon Emporium.
  5927 | D:6      | Found Azylarar's Antique Weapon Emporium.
  5941 | D:6      | Bought a scroll labelled MIUSSOCLUA for 24 gold pieces
  5941 | D:6      | Bought a twisted gilded ring for 120 gold pieces
  5941 | D:6      | Bought a scroll of identify for 48 gold pieces
  5941 | D:6      | Bought a scroll of teleportation for 72 gold pieces
  6133 | D:6      | Found Gafit's Jewellery Shop.
  6166 | D:6      | Reached XP level 8. HP: 50/52 MP: 10/12
  6183 | D:6      | Learned a level 3 spell: Frozen Ramparts
  6448 | D:6      | Found a basalt altar of Yredelemnul.
  6703 | D:6      | Found the +7 staff of the Meek {protect, meekguard}
  7170 | D:6      | Noticed Grinder
  7299 | D:7      | Found a staircase to the Ecumenical Temple.
  7694 | D:7      | Noticed a yak
  7694 | D:7      | Noticed a yak
  7811 | D:8      | Identified the +1 ring mail of Udweoplo {rCorr Int+2}
  7833 | D:8      | Noticed a two-headed ogre
  7862 | D:8      | Found a runed translucent gate.
  7864 | D:8      | Found a runed translucent gate.
  7865 | D:8      | Found a runed translucent gate.
  7896 | D:8      | Noticed gargbit's ghost (novice DsHu)
  8022 | D:8      | Killed a two-headed ogre
  8023 | D:8      | Reached XP level 9. HP: 57/57 MP: 14/16
  9508 | D:7      | Found a broken altar of Ashenzari.
  9604 | D:7      | Reached skill level 10 in Stealth
  9604 | D:7      | Reached XP level 10. HP: 63/63 MP: 10/17
  9896 | D:9      | Reached skill level 6 in Unarmed Combat
 10032 | D:9      | Noticed a kobold demonologist
 10122 | D:6      | Bought a +4 ring of protection for 396 gold pieces
 10150 | D:7      | Learned a level 3 spell: Swiftness
 10310 | D:9      | Found a hide-covered altar of Uskayaw.
 10310 | D:9      | Found a glowing golden altar of the Shining One.
 10318 | D:9      | Found a hazy altar of Hepliaklqana.
 10318 | D:9      | Noticed a gargoyle
 10345 | D:9      | Killed a gargoyle
 10346 | D:9      | Reached skill level 7 in Unarmed Combat
 10405 | D:9      | Found a blossoming altar of Fedhas.
 10408 | D:9      | Found an iron altar of Okawaru.
 10462 | D:9      | Noticed a kobold demonologist
 10472 | D:9      | Killed a kobold demonologist
 10473 | D:9      | Reached skill level 5 in Fighting
 10478 | D:9      | Killed a kobold demonologist
 10529 | D:9      | Found a burning altar of Makhleb.
 10619 | D:9      | Reached skill level 8 in Unarmed Combat
 10768 | D:10     | Entered Level 10 of the Dungeon
 11065 | D:10     | Found a staircase to the Lair.
 11277 | D:10     | Reached skill level 9 in Unarmed Combat
 11283 | D:10     | Reached XP level 11. HP: 19/74 MP: 13/18
 13107 | D:11     | Noticed a cyclops
 13136 | D:11     | Killed a cyclops
 13137 | D:11     | Reached skill level 10 in Unarmed Combat
 13628 | D:11     | Found Wiug's Antique Weapon Shop.
 13969 | D:12     | Noticed a purple ugly thing
 13981 | D:12     | Killed a purple ugly thing
 14335 | D:12     | Found a staircase to the Orcish Mines.
 14561 | D:12     | Noticed a green ugly thing
 14574 | D:12     | Killed a green ugly thing
 14575 | D:12     | Reached skill level 11 in Unarmed Combat
 14860 | D:12     | Noticed a deep elf pyromancer
 14862 | D:12     | Noticed a four-headed hydra
 14869 | D:12     | Noticed an ettin
 14874 | D:12     | Killed a deep elf pyromancer
 14875 | D:12     | Killed a four-headed hydra
 14876 | D:12     | Reached skill level 12 in Unarmed Combat
 14897 | D:12     | Killed an ettin
 14898 | D:12     | Reached XP level 12. HP: 82/82 MP: 11/19
 14997 | D:12     | Identified the +3 leather armour of the Rambutan {Str+3
                  | Int+6}
 16286 | D:12     | Reached skill level 13 in Unarmed Combat
 16296 | D:12     | Noticed a two-headed ogre
 16306 | D:12     | Killed a two-headed ogre
 16655 | Lair:1   | Entered Level 1 of the Lair of Beasts
 16932 | Lair:1   | Found a glowing silver altar of Zin.
 17354 | Lair:1   | Noticed Amaemon
 17370 | Lair:1   | Killed Amaemon
 18301 | Lair:2   | Found a staircase to the Snake Pit.
 18401 | Lair:2   | Noticed a four-headed hydra
 18409 | Lair:2   | Killed a four-headed hydra
 18410 | Lair:2   | Reached skill level 5 in Evocations
 19287 | Lair:3   | Reached XP level 13. HP: 89/89 MP: 8/20
 19741 | Lair:2   | Gained mutation: You are partially covered in iridescent
                  | scales. (AC +2) [potion of mutation]
 19741 | Lair:2   | Gained mutation: Your magical capacity is low. (-10% MP)
                  | [potion of mutation]
 19741 | Lair:2   | Gained mutation: You are strong-willed. (Will+) [potion of
                  | mutation]
 21034 | Lair:3   | Learned a level 4 spell: Summon Ice Beast
 21234 | Lair:3   | Reached skill level 5 in Spellcasting
 21499 | Lair:3   | Found a staircase to the Swamp.
 21996 | Lair:4   | Reached skill level 5 in Transmutations
 22117 | Lair:4   | Identified the +8 chain mail "Biryhebe" {rN+ Str+4}
 23338 | Lair:4   | Found an ornate altar of the Wu Jian Council.
 23953 | Lair:5   | Entered Level 5 of the Lair of Beasts
 23976 | Lair:5   | Noticed a fire dragon
 24278 | Lair:5   | Found a frozen archway.
 24345 | Lair:5   | Reached XP level 14. HP: 94/95 MP: 3/23
 24380 | Lair:5   | Reached skill level 14 in Unarmed Combat
 24429 | IceCv    | Entered an ice cave
 25477 | IceCv    | Noticed a reaper
 25499 | IceCv    | Killed a reaper
 25854 | IceCv    | Identified the ring "Anlim" {rElec Will+ EV+4}
 26210 | Lair:5   | Reached skill level 15 in Unarmed Combat
 26607 | Lair:5   | Reached skill level 10 in Fighting
 27370 | Lair:5   | Found a staircase to the Slime Pits.
 28178 | Lair:5   | Bought a scroll of immolation for 48 gold pieces
 28178 | Lair:5   | Bought a scroll of fear for 48 gold pieces
 28178 | Lair:5   | Bought a scroll of silence for 114 gold pieces
 28178 | Lair:5   | Bought a scroll of teleportation for 36 gold pieces
 28178 | Lair:5   | Bought a scroll of identify for 24 gold pieces
 28178 | Lair:5   | Bought a scroll of identify for 24 gold pieces
 28180 | Lair:5   | Bought a scroll of teleportation for 99 gold pieces
 28180 | Lair:5   | Bought a wand of acid (6) for 831 gold pieces
 28180 | Lair:5   | Bought a potion of heal wounds for 165 gold pieces
 28180 | Lair:5   | Bought a crude turquoise ring for 165 gold pieces
 28180 | Lair:5   | Identified the ring of the Komtur {rN+ Will++ Slay+4} (You
                  | bought it in a shop on level 5 of the Lair of Beasts)
 28557 | Lair:5   | Reached skill level 5 in Dodging
 29419 | D:6      | Bought a +4 ring of protection for 396 gold pieces
 29443 | D:7      | Lost mutation: You are partially covered in iridescent
                  | scales. (AC +2) [potion of mutation]
 29443 | D:7      | Lost mutation: You are strong-willed. (Will+) [potion of
                  | mutation]
 29443 | D:7      | Gained mutation: You are agile. (Dex +4, Str/Int -1)
                  | [potion of mutation]
 29443 | D:7      | Gained mutation: Your magical capacity is very low. (-20%
                  | MP) [potion of mutation]
 29443 | D:7      | Gained mutation: Your mind is acute. (Int +4, Str/Dex -1)
                  | [potion of mutation]
 29450 | D:7      | Learned a level 5 spell: Freezing Cloud
 29540 | D:8      | Killed gargbit's ghost
 29541 | D:8      | Reached skill level 1 in Air Magic
 29629 | D:8      | Reached XP level 15. HP: 106/106 MP: 21/21
 30476 | D:13     | Noticed Lodul
 30499 | D:13     | Killed Lodul
 30599 | D:13     | Reached skill level 5 in Air Magic
 30691 | D:13     | Noticed Urug
 30699 | D:13     | Killed Urug
 31282 | D:6      | Bought a ring of wizardry for 330 gold pieces
 31282 | D:6      | Bought an amulet of reflection for 330 gold pieces
 31658 | D:14     | Found a gate to the Vaults.
 33131 | D:15     | Entered Level 15 of the Dungeon
 33598 | D:15     | Found a staircase to the Depths.
 33621 | D:15     | Reached skill level 10 in Ice Magic
 34183 | D:15     | Found a portal to a secret trove of treasure.
 34463 | D:6      | Bought 2 potions of curing for 78 gold pieces
 34463 | D:6      | Bought a book of the Sky for 572 gold pieces
 34471 | D:6      | Learned a level 7 spell: Storm Form
 34640 | D:6      | Killed Grinder
 34960 | D:15     | Identified the +6 tower shield of Love and Death {rPois
                  | Int+2}
 34960 | D:15     | Noticed Louise
 35519 | D:15     | Killed Louise
 35792 | Orc:1    | Entered Level 1 of the Orcish Mines
 35880 | Orc:1    | Noticed an orc warlord
 36032 | Orc:1    | Killed an orc warlord
 36448 | Orc:2    | Entered Level 2 of the Orcish Mines
 36748 | Orc:2    | Found a staircase to the Elven Halls.
 37147 | Orc:2    | Reached XP level 16. HP: 112/112 MP: 14/23
 38321 | Orc:2    | Found Upetempy's Jewellery Shoppe.
 38324 | Orc:2    | Found Kaseuxt's Antique Armour Shoppe.
 38325 | Orc:2    | Found Cuily's Book Shoppe.
 38326 | Orc:2    | Found Najehay's Magic Scroll Emporium.
 38332 | Orc:2    | Bought a scroll of immolation for 64 gold pieces
 38332 | Orc:2    | Bought a scroll of teleportation for 48 gold pieces
 38333 | Orc:2    | Bought the amulet "Cum Vei" {RegenMP Contam rPois rC-
                  | Int+10} for 545 gold pieces
 38648 | Orc:1    | Gained mutation: Your magical capacity is extremely low.
                  | (-30% MP) [a neqoxec]
 39159 | Swamp:1  | Entered Level 1 of the Swamp
 39162 | Swamp:1  | Reached skill level 10 in Transmutations
 39177 | Swamp:1  | Noticed a fenstrider witch
 39194 | Lair:3   | Killed a fenstrider witch
 39501 | Swamp:1  | Noticed a thorn hunter
 39515 | Swamp:1  | Killed a thorn hunter
 40971 | Swamp:2  | Reached skill level 10 in Air Magic
 42132 | Swamp:3  | Noticed Kirke
 42141 | Swamp:3  | Killed Kirke
 43137 | Swamp:3  | Bought a potion of resistance for 180 gold pieces
 43137 | Swamp:3  | Bought a scroll of butterflies for 72 gold pieces
 43171 | Swamp:4  | Entered Level 4 of the Swamp
 43172 | Swamp:4  | Identified the +11 war axe of the Resonant God {holy, Str+3
                  | SInv}
 43504 | Swamp:4  | Noticed a tentacled monstrosity
 43516 | Swamp:4  | Killed a tentacled monstrosity
 43551 | Swamp:4  | Reached XP level 17. HP: 93/117 MP: 15/20
 44375 | Swamp:4  | Got a decaying rune of Zot
 45529 | Snake:1  | Entered Level 1 of the Snake Pit
 45790 | Snake:1  | Noticed Rupert
 45806 | Snake:1  | Killed Rupert
 46042 | Snake:1  | Noticed Frances
 46049 | Snake:1  | Killed Frances
 46405 | Snake:2  | Found a basalt altar of Yredelemnul.
 46706 | Snake:2  | Reached skill level 10 in Spellcasting
 47708 | Snake:2  | Found Gamodgh's Antique Armour Shop.
 47708 | Snake:2  | Found Upakatin's Weapon Boutique.
 48212 | Snake:3  | Reached XP level 18. HP: 112/124 MP: 11/23
 48562 | Snake:3  | Noticed Agnes
 48573 | Snake:3  | Killed Agnes
 48808 | Snake:3  | Noticed Azrael
 48815 | Snake:3  | Noticed Aizul
 48822 | Snake:3  | Killed Azrael
 48827 | Snake:3  | Killed Aizul
 48922 | Snake:3  | Noticed Asterion
 48923 | Snake:3  | Noticed Vashnia
 48938 | Snake:3  | Lost mutation: Your mind is acute. (Int +4, Str/Dex -1) [a
                  | cacodemon]
 48946 | Snake:3  | Killed Asterion
 48950 | Snake:3  | Noticed Jorgrun
 48955 | Snake:3  | Killed Jorgrun
 49421 | Snake:3  | Identified a scroll of acquirement
 49422 | Snake:3  | Acquired 840 gold pieces
 49435 | Snake:3  | Bought a scroll of blinking for 75 gold pieces
 49435 | Snake:3  | Bought a scroll of blinking for 75 gold pieces
 49478 | Snake:3  | Bought 2 potions of might for 312 gold pieces
 49520 | Snake:3  | Killed Vashnia
 49978 | Snake:4  | Entered Level 4 of the Snake Pit
 50505 | Snake:4  | Reached skill level 15 in Air Magic
 51369 | Snake:4  | Reached XP level 19. HP: 127/129 MP: 24/24
 52327 | Snake:4  | Got a serpentine rune of Zot
 52912 | Vaults:1 | Entered Level 1 of the Vaults
 52922 | Vaults:1 | Reached skill level 16 in Unarmed Combat
 52943 | Vaults:1 | Found Fumu's Antique Weapon Shop.
 54215 | Vaults:1 | Reached skill level 15 in Stealth
 54679 | D:15     | You paid a toll of 18 potions of curing to enter a treasure
                  | trove
 54680 | Trove    | Entered a treasure trove
 54685 | Trove    | Found the +2 Maxwell's thermic engine {flame, freeze}
 54689 | Trove    | Identified the +0 hat of the Griffon {Int+4}
 54693 | Trove    | Identified the ring "Qemoja" {Dex+6 Slay+2}
 54694 | Trove    | Identified the +3 hat "Foakegac" {rElec rF+ Regen+}
 54920 | Trove    | Identified the ring of Contention {rPois rF- rC+ Int+4}
 54931 | Trove    | Acquired the ring of Wabbagg {rC+ rN+ Will+ Str+2 Int+6}
 55147 | Trove    | Identified the ring "Puejetu" {*Slow rN+++ Str+6 Int-4
                  | SInv}
 55375 | D:6      | Bought a ring of protection from cold for 275 gold pieces
 55385 | D:6      | Learned a level 5 spell: Silence
 56281 | Vaults:1 | Learned a level 5 spell: Lightning Bolt
 56486 | Vaults:2 | Found Uqoijash's Weapon Shop.
 56578 | Vaults:2 | Found a crumbling gateway.
 56607 | Desolati | Entered the Desolation of Salt
 56643 | Desolati | Reached XP level 20. HP: 127/136 MP: 24/24
 56718 | Desolati | Identified the ring "Echud" {rPois rF+ AC+4 Stlth+}
 56795 | Desolati | Identified the ring of Nakhluph {rPois AC+4 Stlth+}
 57356 | Desolati | Identified the +5 spear "Zuoff" {antimagic, Fragile Fly
                  | rPois rC+++}
 57731 | Desolati | Identified the +5 dagger "Quullil" {vorpal, rElec Int+4}
 57741 | Desolati | Identified the ring of Ohaogh {Fire rElec Str-2 Slay+5
                  | SInv}
 57955 | Desolati | Identified the +8 chain mail "Mauzumal" {rN+ Dex+2}
 58952 | Vaults:2 | Identified the +2 pair of gloves of Putsofi {Will+ MP+9}
 59645 | Vaults:3 | Reached skill level 17 in Unarmed Combat
 59674 | Vaults:3 | Found a flickering gateway to a bazaar.
 59679 | Bazaar   | Entered a bazaar
 59683 | Bazaar   | Found Lomutaw's Jewellery Emporium.
 59689 | Bazaar   | Found Anoakif's Magic Scroll Boutique.
 59693 | Bazaar   | Found Pyqyde's Magic Scroll Shop.
 59697 | Bazaar   | Bought a scroll of teleportation for 21 gold pieces
 59697 | Bazaar   | Bought a scroll of amnesia for 28 gold pieces
 59703 | Bazaar   | Bought a scroll of teleportation for 39 gold pieces
 59703 | Bazaar   | Bought a scroll of summoning for 123 gold pieces
 59715 | Bazaar   | Found Vikkourr's Antique Armour Shoppe.
 59808 | Vaults:3 | Reached XP level 21. HP: 125/143 MP: 21/25
 59987 | Vaults:3 | Found a staircase to the Crypt.
 60162 | Vaults:3 | Reached skill level 18 in Unarmed Combat
 61503 | Vaults:4 | Reached skill level 19 in Unarmed Combat
 62842 | Vaults:5 | Entered Level 5 of the Vaults
 62855 | Vaults:5 | Reached skill level 20 in Unarmed Combat
 62858 | Vaults:5 | Reached XP level 22. HP: 139/152 MP: 26/26
 63208 | Vaults:5 | Noticed a golden dragon
 63216 | Vaults:5 | Killed a golden dragon
 63385 | Vaults:5 | Got a silver rune of Zot
 63601 | Vaults:5 | Reached skill level 21 in Unarmed Combat
 63610 | Vaults:5 | Noticed an ancient lich
 63622 | Vaults:5 | Killed an ancient lich
 63840 | Vaults:5 | Got Kikubaaqudgha's Grimoire of Diablerie
 63851 | Vaults:5 | Got the Cyclopedia of Forms and Hypothermia
 64121 | Vaults:5 | Learned a level 4 spell: Hailstorm
 64121 | Vaults:5 | Found Tamao's Distillery.
 64121 | Vaults:5 | Found Ybamaclu's Magic Scroll Shop.
 64173 | Vaults:5 | Bought a potion of invisibility for 80 gold pieces
 64173 | Vaults:5 | Bought a potion of brilliance for 40 gold pieces
 64173 | Vaults:5 | Bought a potion of resistance for 100 gold pieces
 64173 | Vaults:5 | Bought a potion of curing for 30 gold pieces
 64173 | Vaults:5 | Bought 2 potions of resistance for 200 gold pieces
 64173 | Vaults:5 | Bought a potion of curing for 30 gold pieces
 64180 | Vaults:5 | Bought a scroll of summoning for 133 gold pieces
 64180 | Vaults:5 | Bought a scroll of fear for 56 gold pieces
 64180 | Vaults:5 | Bought a scroll of magic mapping for 105 gold pieces
 64187 | Vaults:5 | Found Leffe's Distillery.
 64194 | Vaults:5 | Bought a potion of haste for 120 gold pieces
 64194 | Vaults:5 | Bought a potion of ambrosia for 96 gold pieces
 64194 | Vaults:5 | Bought a potion of might for 48 gold pieces
 64194 | Vaults:5 | Bought 2 potions of resistance for 240 gold pieces
 64194 | Vaults:5 | Bought a potion of heal wounds for 60 gold pieces
 64216 | Vaults:5 | Found Huomiut's Distillery.
 64236 | Vaults:5 | Bought a potion of might for 76 gold pieces
 64236 | Vaults:5 | Bought a potion of invisibility for 152 gold pieces
 64236 | Vaults:5 | Bought a potion of resistance for 190 gold pieces
 64236 | Vaults:5 | Bought a potion of invisibility for 152 gold pieces
 64236 | Vaults:5 | Bought a potion of magic for 152 gold pieces
 64244 | Vaults:5 | Found Duajaph's Magic Scroll Shoppe.
 64249 | Vaults:5 | Bought a scroll of blinking for 135 gold pieces
 64253 | Vaults:5 | Found Nanoxt's Magic Scroll Shop.
 64257 | Vaults:5 | Bought a scroll of teleportation for 54 gold pieces
 64297 | Vaults:5 | Noticed a golden dragon
 64304 | Vaults:5 | Killed a golden dragon
 64397 | Vaults:5 | Noticed an ancient lich
 64402 | Vaults:5 | Killed an ancient lich
 64659 | Vaults:5 | Reached skill level 22 in Unarmed Combat
 64851 | Vaults:5 | Found Dixzines's Magic Scroll Shoppe.
 64855 | Vaults:5 | Bought a scroll of fear for 52 gold pieces
 64855 | Vaults:5 | Bought a scroll of fear for 52 gold pieces
 64855 | Vaults:5 | Bought a scroll of teleportation for 39 gold pieces
 64855 | Vaults:5 | Bought a scroll of magic mapping for 97 gold pieces
 64855 | Vaults:5 | Bought a scroll of fear for 52 gold pieces
 64949 | Vaults:5 | Bought the ring of Pride {Str+5 Int+6 Dex-5 Slay+4} for
                  | 2342 gold pieces
 65467 | Elf:1    | Entered Level 1 of the Elven Halls
 66382 | Elf:1    | Reached XP level 23. HP: 129/161 MP: 22/26
 66620 | Elf:1    | Noticed Donald
 66625 | Elf:1    | Killed Donald
 66662 | Elf:1    | Identified Roxanne's Collected Works on Bedrock
 66662 | Elf:1    | Noticed Roxanne
 66672 | Elf:1    | Killed Roxanne
 66739 | Elf:1    | Found Seuptaxe's Jewellery Emporium.
 66742 | Elf:1    | Bought the ring of Vity {rCorr AC+4 Str-3 Int+6} for 768
                  | gold pieces
 67490 | Elf:2    | Found a runed translucent gate.
 67491 | Elf:2    | Found a runed translucent gate.
 67491 | Elf:2    | Found a runed translucent gate.
 67893 | Elf:2    | Reached skill level 23 in Unarmed Combat
 68525 | Elf:3    | Entered Level 3 of the Elven Halls
 68888 | Elf:3    | Reached skill level 15 in Fighting
 68961 | Elf:3    | Identified the +4 hand axe of Laceration {holy, *Slow rElec
                  | rF+ rCorr}
 68963 | Elf:3    | Identified the ring "Ungumn" {Fly rPois Stlth+}
 68972 | Elf:3    | Shot with an arrow by a deep elf master archer

Illustrated notes

Levels and vault maps discovered:
D:1:      eino_arrival_tree_alley, layout_basic, amcnicky_mini_pool_small
D:2:      layout_basic, nicolae_ecumenical_snake_handling
D:3:      layout_rooms, minmay_misc_feat_x, minmay_misc_feat_tower
D:4:      layout_basic, nicolae_gozag_cash_rules_everything_around_me,
          serial_shops, shop, st_stairs_14, nicolae_shop_sticking_my_neck_out
D:5:      layout_rooms, minivault_24, minmay_mini_ossuary
D:6:      layout_basic, mainiacjoe_overflow_cross_hatched, serial_shops, shop,
          chequers_serial_rivers_micro_c, minmay_shop_grid_forest,
          pf_guarded_unrand_meek, uniq_grinder
D:7:      layout_rooms, cheibrodos_ashenzari_chains, minmay_temple_entry_waves,
          nrook_campfire, kennysheep_minor_cross, serial_bayou_pond_e,
          hellmonk_bongcloud_opening, kennysheep_cross_bottleneck
D:8:      layout_gridville, gammafunk_ghost_icy, serial_park_tiny_pond
D:9:      layout_rooms, chequers_temple_overflow_minitemple,
          mainiacjoe_overflow_paths
D:10:     layout_long_grid, erik_lair_island, chequers_serial_rivers_micro_b,
          nicolae_elevator_lobby_asterisk
D:11:     layout_cave_pods, serial_shops, shop
D:12:     wad_statue_garden, layout_basic, erik_orc_3,
          nicolae_looking_at_the_future
D:13:     layout_roguey, chequers_decorated_corner, uniq_lodul, uniq_urug
D:14:     layout_long_grid, skrybe_vaults_entry_preservation,
          grunt_ministairs_3, nrook_pool_corridor
D:15:     gammafunk_enter_depths_forms, layout_long_grid, enter_trove_2,
          serial_co_window_serial, co_window_corner_a, co_window_corner_a,
          co_window_paths_a, co_window_corner_a, co_window_paths_a,
          co_window_paths_c, co_window_of_opportunity_b,
          co_window_unsneaky_path_b, co_window_corner_b, co_window_corner_cb,
          co_window_broadway_b, co_window_paths_c, glass_columns_c,
          glass_columns_a, glass_columns_a, glass_columns_b, st_stairs_5,
          uniq_louise
Lair:1:   layout_concentric_octagons, basic_altar,
          nicolae_quartered_pool_medium, st_stairs_12, serial_bayou_shore_b,
          uniq_amaemon
Lair:2:   layout_chaotic_city, guppyfry_snake_entry_garden,
          chequers_serial_rivers_micro_b, grunt_megastairs_4,
          lemuel_fruit_fields
Lair:3:   layout_layer_cave, palyth_hydra_swamp_entry, eino_house_with_fridge,
          serial_bayou_shore_b, serial_bayou_shore_a, lemuel_fruit_tree,
          serial_bayou_shore_b, lemuel_fruit_fields
Lair:4:   layout_regular_city, lemuel_oklob_altar, infiniplex_staircase_pool_2
Lair:5:   guppyfry_lair_end_dragon, layout_small_grid,
          hangedman_lair_caniforms_friends, nicolae_slime_entry_slimehenge,
          portal_ice_cave_entry_pillars_2, st_stairs_6, evilmike_ambush
          [evilmike_ambush_outer_basic, evilmike_ambush_inner_pond]
Swamp:1:  nicolae_swamp_long_stream, layout_falls_marsh,
          evilmike_swamp_ruin_house_4, swamp_pool3
Swamp:2:  layout_falls_marsh, evilmike_swamp_ruin_house_3
Swamp:3:  layout_basic_swamp, serial_swamp_ruin, evilmike_swamp_ruin_house_1,
          evilmike_swamp_ruin_house_6, infiniplex_staircase_pool, uniq_kirke
Swamp:4:  swamp_alternative, layout_basic_swamp, swamp_pool1
Snake:1:  layout_rooms, nicolae_snake_round_shape_thing, serial_bayou_shore_b,
          uniq_rupert, uniq_frances
Snake:2:  layout_grid_maze, basic_altar, minmay_shoptagon, grunt_megastairs_3
Snake:3:  layout_gridlike, uniq_aizul, uniq_azrael, uniq_vashnia, uniq_agnes,
          uniq_asterion, uniq_jorgrun
Snake:4:  johnstein_snake_rune_scales, layout_layer_cave, grunt_ministairs_4
Orc:1:    cheibrodos_orc_arena, layout_caves
Orc:2:    st_orc_pillars, layout_caves, basic_altar
Elf:1:    minmay_elf_arrival_summoners, layout_gridlike, serial_shops,
          shop_statue, minivault_28, uniq_roxanne, uniq_donald
Elf:2:    nicolae_elf_blades_crystal_corner, layout_loops_ring
Elf:3:    elf_hall_gauntlet_narrow, layout_geoelf_diagonals,
          evilmike_spriggan_trog_shrine
Vaults:1: kb_rosetta, nicolae_vaults_rhombus_7, ontoclasm_vaults_gateway,
          grunt_vaults_bifocal, nicolae_vaults_windows_and_doors_thing,
          grunt_vaults_hallway_long, nicolae_vaults_circle_grid_a,
          vaults_room_corners, hangedman_vaults_restitches, layout_vaults_ring,
          serial_shops, nicolae_diamond_shop
Vaults:2: portal_desolation_entry_nicolae_nacl, v_misc_18,
          nicolae_vaults_circle_grid_b, nicolae_vaults_holding_cells,
          dpeg_vaults_monster_box, v_misc_12, nicolae_vaults_angled_halls,
          hangedman_vaults_stretched_pinwheel, nicolae_vaults_three_branches,
          ontoclasm_vaults_ring_square, grunt_vaults_focal,
          nicolae_vaults_yaktaur_gun_rack, layout_vaults_big_room, serial_shops,
          shop
Vaults:3: v_misc_14, vaults_mumra_minichess_inversion, v_misc_17,
          ontoclasm_vaults_bender, v_pattern_1, st_lines, v_misc_8,
          dpeg_vaults_monster_row, v_misc_31, v_misc_30, v_misc_3,
          nicolae_vaults_specimen_jars, ontoclasm_vaults_claustrophobia,
          vaults_mumra_lcd, layout_vaults_maze_bifur,
          minmay_crypt_entry_simple_box, serial_shops, bzr_entry_road
Vaults:4: v_misc_16, vaults_dpeg_cross, v_rooms_2, nicolae_vaults_theta,
          v_alt_pattern_3, ontoclasm_vaults_hangar, v_rooms_3,
          nicolae_vaults_bisected_slash, nicolae_vaults_little_squares_1,
          nicolae_vaults_alarming, vaults_room_door_ring, layout_vaults_omnigrid
Vaults:5

Skill      XL: |  1  2  3  4  5  6  7  8  9 10 11 12 13 14 15 16 17 18 19 20 21 22 23 |
---------------+----------------------------------------------------------------------+-----
Stealth        | 2 3 5 10 13 18 22 | 22.9
Fighting       | 2 3 6 8 11 12 13 14 15 | 15.0
Unarmed Combat | 4 5 9 12 13 15 16 17 20 22 23 | 23.9
Ice Magic      | 2 7 10 | 10.0
Spellcasting   | 3 4 8 10 11 | 11.2
Transmutations | 3 4 7 8 10 12 14 | 14.9
Evocations     | 8 |  8.2
Dodging        | 5 |  5.3
Air Magic      | 1 8 12 14 15 | 15.2

Action                   |  1- 3 |  4- 6 |  7- 9 | 10-12 | 13-15 | 16-18 | 19-21 | 22-24 || total
-------------------------+-------+-------+-------+-------+-------+-------+-------+-------++-------
Melee: Unarmed           |    62 |   120 |   156 |   326 |   865 |   798 |   771 |   410 ||  3508
       Constrict         |    22 |    33 |    26 |     1 |     2 |     3 |       |       ||    87
       Kick              |    14 |    37 |    27 |       |       |       |       |       ||    78
       Tentacles         |    11 |    26 |    22 |     1 |     2 |     8 |       |       ||    70
       Punch             |       |     2 |     3 |     1 |       |    82 |   121 |    58 ||   267
       Quarterstaff      |       |       |       |       |     1 |       |       |       ||     1
       Dagger            |       |       |       |       |       |       |       |     3 ||     3
 Cast: Beastly Appendage |    23 |    37 |    31 |     1 |     1 |       |       |       ||    93
       Wereblood         |     1 |     3 |    10 |    16 |    40 |    13 |     9 |    12 ||   104
       Frozen Ramparts   |       |       |     3 |    18 |    46 |     3 |       |       ||    70
       Ice Form          |       |       |     8 |    53 |   107 |    24 |       |       ||   192
       Summon Ice Beast  |       |       |       |       |     5 |       |       |       ||     5
       Freezing Cloud    |       |       |       |       |     9 |    18 |     2 |     2 ||    31
       Storm Form        |       |       |       |       |       |    67 |    60 |    38 ||   165
       Silence           |       |       |       |       |       |       |       |     1 ||     1
       Lightning Bolt    |       |       |       |       |       |       |       |     5 ||     5
Invok: Potion Petition   |       |       |       |       |     2 |     1 |       |       ||     3
       Call Merchant     |       |       |       |       |     2 |     3 |       |     2 ||     7
       Bribe Branch      |       |       |       |       |       |       |       |     1 ||     1
 Abil: Blinkbolt         |       |       |       |       |       |     7 |     2 |       ||     9
Evoke: Wand              |       |     2 |     4 |     1 |     5 |       |       |       ||    12
  Use: Scroll            |     2 |     7 |     4 |     2 |    19 |     5 |     3 |     3 ||    45
       Potion            |       |       |     2 |     3 |    13 |     2 |       |     1 ||    21
 Stab: Sleeping          |     6 |    10 |     9 |     6 |    16 |     2 |     6 |     8 ||    63
       Paralysed         |       |     5 |    14 |     2 |     1 |       |       |       ||    22
       Distracted        |       |       |     1 |     3 |     8 |     8 |    19 |    15 ||    54
Armor: Skin              |     6 |     6 |    35 |   125 |   261 |   229 |   140 |   103 ||   905
Dodge: Dodged            |    35 |    67 |    47 |   132 |   347 |   635 |   559 |   242 ||  2064
Block: Other             |       |       |       |       |    29 |    13 |       |       ||    42
       Reflection        |       |       |       |       |     4 |     2 |       |       ||     6
